 Dungeon Crawl Stone Soup version 0.30.0-29-ga12c61a403 (webtiles) character file.

Game seed: 7808025029818746987

44 Cheops the Digger (level 3, -9/27 HPs)
             Began as an Armataur Earth Elementalist on June 15, 2023.
             Mangled by Terence
             ... wielding a +1 heavy flail
              (19 damage)
             ... on level 2 of the Dungeon.
             The game lasted 00:04:44 (2290 turns).

Cheops the Digger (Armataur Earth Elementalist)     Turns: 2290, Time: 00:04:45

Health: -9/27      AC:  4    Str: 13    XL:     3   Next: 39%
Magic:  1/6        EV:  9    Int: 17    God:
Gold:   135        SH:  0    Dex: 10    Spells: 0/6 levels left

rFire   . . .        a - +2 dagger (protect)
rCold   . . .        (no shield)
rNeg    . . .        f - +0 robe
rPois   .            (no helmet)
rElec   .            (no cloak)
rCorr   .            (no gloves)
SInv    .            (no barding)
Will    .....        (no amulet)
Stlth   ++           (no ring)
HPRegen 0.24/turn    (no ring)
MPRegen 0.10/turn

%: roll
@: no status effects
A: large, rugged brown scales 3, deformed body, armoured tail, roll, long
tongue, awkward tongue
a: no special abilities


You were on level 2 of the Dungeon.
You visited 1 branch of the dungeon, and saw 2 of its levels.

You collected 135 gold pieces.

Inventory:

Hand Weapons
 a - a +2 dagger of protection (weapon)
Armour
 f - a +0 robe (worn)
Scrolls
 c - a scroll of noise {unknown}
 d - 4 scrolls of identify {unknown}
 h - a scroll of teleportation {unknown}
 j - a scroll of brand weapon {unknown}
Potions
 b - a potion of magic
 e - a potion of haste {unknown}
 g - a potion of curing {unknown}
 i - a potion of ambrosia {unknown}


   Skills:
 - Level 1.3 Dodging
 + Level 3.0 Stealth
 - Level 2.0 Spellcasting
 - Level 0.8 Transmutations
 * Level 3.6 Earth Magic


You couldn't memorise any spells.
You knew the following spells:

 Your Spells              Type           Power      Damage    Failure   Level
a - Sandblast             Erth           26%        2d8       4%          1
b - Stone Arrow           Conj/Erth      14%        3d7       28%         3
P - Passwall              Tmut/Erth      7%         N/A       12%         2

Your spell library contained the following spells:

 Spells                   Type           Power      Damage    Failure   Level
 Petrify                  Tmut/Erth      9%         N/A       61%         4


Dungeon Overview and Level Annotations

Branches:
Dungeon (2/15)

Altars:

Annotations:
D:2 Terence


Innate Abilities, Weirdness & Mutations

You are completely covered in rugged brown scales. (AC +3, +7% HP)
Armour fits poorly on your strangely shaped body.
You have a long armoured tail.
You roll when moving toward enemies. (Rampage)
Your long tongue fully drains potion bottles. (2x potion effects)
Your tongue gives you trouble enunciating. (1.5x scroll delay)


Message History

Confirm with . or Enter, or press ? or * to list all spells.
Aiming: Sandblast (safe; 4% risk of failure)
Press: ? - help, Shift-Dir - straight line, f - Terence
Aim: Terence, wielding a +1 heavy flail and wearing a +0 ring mail (wandering, hasn't noticed you, 84% to hit)
The blast of sand hits Terence.
Terence is moderately wounded.
Terence shouts!
Casting: Sandblast (safe; 4% risk of failure)
Confirm with . or Enter, or press ? or * to list all spells.
Aiming: Sandblast (safe; 4% risk of failure)
Press: ? - help, Shift-Dir - straight line, f/p - Terence
Aim: Terence, wielding a +1 heavy flail and wearing a +0 ring mail (moderately wounded, 84% to hit)
The blast of sand hits Terence.
Terence is heavily wounded.
Casting: Sandblast (safe; 4% risk of failure)
Confirm with . or Enter, or press ? or * to list all spells.
Aiming: Sandblast (safe; 4% risk of failure)
Press: ? - help, Shift-Dir - straight line, f/p - Terence
Aim: Terence, wielding a +1 heavy flail and wearing a +0 ring mail (moderately wounded, 84% to hit)
The blast of sand hits Terence.
Terence is heavily wounded.
Terence hits you with a +1 heavy flail!
* * * LOW HITPOINT WARNING * * *
Casting: Sandblast (safe; 4% risk of failure)
Confirm with . or Enter, or press ? or * to list all spells.
Aiming: Sandblast (safe; 4% risk of failure)
Press: ? - help, Shift-Dir - straight line, f/p - Terence
Aim: Terence, wielding a +1 heavy flail and wearing a +0 ring mail (heavily wounded, 84% to hit)
The blast of sand misses Terence.
Terence hits you with a +1 heavy flail.
* * * LOW HITPOINT WARNING * * *
Casting: Sandblast (safe; 4% risk of failure)
Confirm with . or Enter, or press ? or * to list all spells.
Aiming: Sandblast (safe; 4% risk of failure)
Press: ? - help, Shift-Dir - straight line, f/p - Terence
Aim: Terence, wielding a +1 heavy flail and wearing a +0 ring mail (heavily wounded, 84% to hit)
The blast of sand hits Terence!
Terence is almost dead.
Terence hits you with a +1 heavy flail!!
Ouch! That really hurt!
You die...

.# ##..........#...............
#.# #'#################......##.
#.####..###.#
#.#................
#...........#
#.########......#..
#######..##.###.# ♣♣♣♣♣♣♣♣#.
#..##.....# ##♣.....♣♣♣.
#..#############...PP.PP...
#..#.............♣♣♣P....♣#
#######..#.####.@@......♣♣♣♣♣♣♣♣
.........#.# #.#########
########.#.####.#
♣♣♣♣♣♣........#
♣♣♣.♣♣P♣.######## .........#
♣♣♣.♣♣.♣## ♣ ♣♣♣♣♣♣


You could see Terence.

Vanquished Creatures
  2 worms (D:2)
  A dart slug (D:1)
  A bat (D:1)
  2 endoplasms (D:1)
  3 giant cockroaches (D:1)
  3 goblins (D:1)
  3 hobgoblins
  3 jackals (D:1)
  2 quokkas (D:1)
  4 ball pythons
  A kobold (D:1)
  10 rats
35 creatures vanquished.

Notes
Turn   | Place    | Note
-------+----------+-------------------------------------------
     0 | D:1      | Cheops the Armataur Earth Elementalist began the quest for
                  | the Orb.
     0 | D:1      | Reached XP level 1. HP: 14/14 MP: 3/3
   256 | D:1      | Reached XP level 2. HP: 21/21 MP: 1/5
   368 | D:1      | Learned a level 2 spell: Passwall
  1166 | D:1      | Reached XP level 3. HP: 26/27 MP: 3/6
  1170 | D:1      | Learned a level 3 spell: Stone Arrow
  1788 | D:2      | Noticed Terence
  2290 | D:2      | Mangled by Terence

Illustrated notes

Levels and vault maps discovered:
D:1:      wheals_arrival_shading, layout_basic
D:2:      layout_loops_ring, serial_forest, infiniplex_forest_zigzag_1,
          infiniplex_forest_lined_corner, infiniplex_forest_diagonal,
          infiniplex_forest_lined_room_2, infiniplex_forest_straight_5,
          infiniplex_forest_lined_room_2, infiniplex_forest_straight_2,
          kennysheep_pointless_box, minmay_rat_gold_closets, uniq_terence

Skill      XL: |  1  2  3 |
---------------+----------+-----
Spellcasting   | 2 |  2.0
Earth Magic    | 3 |  3.6
Stealth        | 3 |  3.0
Dodging        | |  1.3
Transmutations | |  0.8

Action                     || total
---------------------------++-------
  Melee: Unarmed           ||     3
         Dagger            ||     5
         Tailslap          ||     1
         Punch             ||     1
   Cast: Sandblast         ||    60
         Passwall          ||     2
 Armour: Robe              ||     8
  Dodge: Dodged            ||    13
